 Dungeon Crawl Stone Soup version 0.30-a0-859-gf88a04b62d (webtiles) character file.

Game seed: 6778290695236483046

207297 demibob the Warrior (level 18, -14/162 HPs)
             Began as a Demonspawn Wanderer on Mar 6, 2023.
             Was a High Priest of Trog.
             Demolished by an ironbound convoker
             ... wielding a +2 morningstar of protection
              (34 damage)
             ... on level 1 of the Vaults.
             The game lasted 00:57:06 (32767 turns).

demibob the Warrior (Demonspawn Wanderer)          Turns: 32767, Time: 00:57:07

Health: -14/162    AC: 23    Str: 19    XL:     18   Next: 9%
Magic:  19/19      EV: 17    Int: 10    God:    Trog [*****.]
Gold:   1926       SH:  6    Dex: 18    Spells: 19/19 levels left

rFire   . . .      SeeInvis .    a - +5 lajatang (vamp)
rCold   . . .      Faith    +    (shield currently unavailable)
rNeg    . . .      Spirit   .    K - +1 chain mail {rPois}
rPois   +          Reflect  .    z - +2 hat "Berexoq" {+Inv rElec Will+}
rElec   +          Rampage  .    F - scarf {repulsion}
rCorr   .                        N - +0 pair of gloves
Will    ++...                    (boots unavailable) Stlth
                                 r - amulet of faith {!P}
HPRegen 0.47/turn                E - +5 ring of evasion
MPRegen 0.16/turn                T - +4 ring of protection

@: mighty, repel missiles
A: hooves 3, large bone plates 2, powered by pain 2, spiny 2, corrupting
presence 1
}: 1/15 runes: serpentine
a: Renounce Religion, Evoke Invisibility, Berserk, Trog's Hand, Brothers in Arms


You were on level 1 of the Vaults.
You worshipped Trog.
Trog was extremely pleased with you.
You visited 5 branches of the dungeon, and saw 27 of its levels.
You also visited: Gauntlet.

You collected 2688 gold pieces.
You spent 762 gold pieces at shops.


Innate Abilities, Weirdness & Mutations

You have hooves in place of feet.
You are mostly covered in large bone plates. (SH +6)
You sometimes gain power by taking damage.
You are mostly covered in sharp spines.
Your presence sometimes corrodes those you injure.


   Skills:
 + Level 20.1 Fighting
 - Level 1.0 Long Blades
 - Level 14.0 Staves
 + Level 18.0 Armour
 - Level 7.2 Dodging
 - Level 1.0 Stealth
 - Level 1.0 Spellcasting
 - Level 6.5 Evocations


You had 19 spell levels left.
You didn't know any spells.
Your spell library was empty.

Inventory:

Hand Weapons
 a - a +5 vampiric lajatang (weapon)
 b - a +6 quarterstaff of flaming
Armour
 z - the +2 hat "Berexoq" (worn) {+Inv rElec Will+}
   (You found it in a Gauntlet)

   rElec:     It insulates you from electricity.
   +Inv:      It lets you turn invisible.
   Will:      It increases your willpower.
 F - a scarf of repulsion (worn)
 K - a +1 chain mail of poison resistance (worn)
 N - a +0 pair of gloves (worn)
Jewellery
 e - a +5 ring of evasion
 p - an amulet of reflection
 r - an amulet of faith (around neck) {!P}
 v - a ring of see invisible
 C - a ring of ice
 E - a +5 ring of evasion (left hand)
 P - a ring of poison resistance
 T - a +4 ring of protection (right hand)
Wands
 j - a wand of digging (5)
 o - a wand of charming (12)
 u - a wand of polymorph (7)
 G - a wand of flame (7)
 O - a wand of roots (11)
 R - a wand of mindburst (11)
Scrolls
 d - 6 scrolls of identify {@r1}
 l - 5 scrolls of teleportation {@r2}
 s - 2 scrolls of magic mapping
 x - 2 scrolls of enchant armour
 y - 6 scrolls of fog
 H - 2 scrolls of poison
 L - a scroll of fear
Potions
 c - 2 potions of heal wounds {@q2}
 f - 7 potions of lignification
 g - 3 potions of ambrosia
 h - 2 potions of resistance
 i - a potion of haste {@q3}
 m - 5 potions of flight
 n - 3 potions of magic
 q - 4 potions of attraction
 t - 3 potions of cancellation
 w - 2 potions of might
 A - 3 potions of curing {@q1}
 I - 4 potions of mutation
Miscellaneous
 B - a piece from Xom's chessboard (15/15)
 M - a condenser vane

Dungeon Overview and Level Annotations

Branches:
Dungeon (15/15)            Temple (0/1) D:7            Lair (5/5) D:11
  Swamp (0/4) Lair:3        Snake (4/4) Lair:2        Slime (0/5) Lair:4
    Orc (2/2) D:11            Elf (0/3) Orc:2        Vaults (1/5) D:13
 Depths (0/4) D:15        Gauntlet (visited)

Altars:
Ashenzari
Cheibriados
Gozag
Kikubaaqudgha
Makhleb
Nemelex Xobeh
Okawaru
Qazlal
Trog
Wu Jian
Yredelemnul
Jiyva
Lugonu

Shops:
D:7 :   Orc:2 [==*

Portals:
Abyss: Lair:5

Annotations:
D:4 1 runed translucent door, Crazy Yiuf
D:14 5 runed translucent doors
Orc:1 1 runed translucent door

▒........
▒........
▒........
▒........
▒O.......
▒pc......
▒ppT.....
▒@▒ ▒)▒
▒▒▒'▒▒▒)▒
▒...▒
......).▒
▒...▒
▒▒▒▒▒▒▒▒)▒
▒...▒
▒.$....▒)▒
▒...▒
▒......+$▒
▒...▒
▒......▒.▒
▒...▒
▒......▒.▒
▒...▒


You could see a vault warden (strong), an ironbound thunderhulk (strong), a
centaur warrior, a deep troll, a vault sentinel and an ironbound convoker
(strong, corroded).


Message History

Trog appreciates your killing of a magic user.
The vault sentinel casts a spell at you.
You barely resist. The vault warden completely misses you.
Electricity crackles from the ironbound thunderhulk's apparatus.
The bolt of lightning misses you.
Your Armour skill increases to level 18!
You completely miss the vault warden. Your kick misses the vault warden.
The vault warden is lightly wounded.
The vault warden hits you with a +0 great mace!!!
You block the ironbound convoker's attack.
Unknown command.
You slash the vault warden!
You feel better.
You kick the vault warden.
The vault warden is moderately wounded.
The runic seal fades away.
Unknown command.
You barely miss the vault warden. You kick the vault warden!
The vault warden is moderately wounded.
The vault warden hits you with a +0 great mace!!
The ironbound convoker is struck by your spines.
Your corrupting presence corrodes the ironbound convoker!
The ironbound convoker hits you with a +2 morningstar of protection!!
* * * LOW HITPOINT WARNING * * *
You are too injured to fight recklessly!
Unknown command.
The vault warden attacks as you move away!
The vault warden hits you with a +0 great mace!!!
* * * LOW HITPOINT WARNING * * *
The ironbound convoker attacks as you move away!
The ironbound convoker hits you with a +2 morningstar of protection!!
You die...

Skill      XL: |  1  2  3  4  5  6  7  8  9 10 11 12 13 14 15 16 17 18 |
---------------+-------------------------------------------------------+-----
Staves         | 4 5 6 7 8 9 10 12 13 14 | 14.0
Fighting       | 3 5 6 8 9 12 14 16 18 20 | 20.1
Armour         | 2 5 6 9 12 14 16 17 18 | 18.0
Dodging        | 1 3 4 7 |  7.2
Evocations     | 6 |  6.5
Long Blades    | |  1.0
Stealth        | |  1.0
Spellcasting   | |  1.0

Action                     |  1- 3 |  4- 6 |  7- 9 | 10-12 | 13-15 | 16-18 || total
---------------------------+-------+-------+-------+-------+-------+-------++-------
  Melee: Quarterstaff      |    90 |    46 |   285 |   906 |  1240 |     5 ||  2572
         Kick              |       |       |       |       |   527 |   355 ||   882
         Lajatang          |       |       |       |       |    23 |   939 ||   962
  Throw: Throwing net      |       |       |       |     1 |       |       ||     1
 Invoke: Berserk           |     1 |     1 |     4 |    14 |    14 |    10 ||    44
         Brothers in Arms  |       |       |       |     2 |     3 |     1 ||     6
         Trog's Hand       |       |       |       |       |     2 |       ||     2
  Evoke: Wand              |       |     9 |     5 |     7 |       |     1 ||    22
    Use: Scroll            |     6 |     2 |     6 |     9 |     5 |     7 ||    35
         Potion            |       |       |     4 |     9 |     6 |     1 ||    20
   Stab: Sleeping          |       |       |     4 |     2 |       |       ||     6
         Distracted        |       |       |     1 |     2 |       |       ||     3
         Invisible         |       |       |       |       |    16 |       ||    16
 Armour: Scale mail        |    40 |    10 |    53 |    85 |   178 |       ||   366
         Chain mail        |       |       |       |       |    88 |   284 ||   372
  Dodge: Dodged            |    35 |    12 |   138 |   350 |   540 |   589 ||  1664
         Repelled          |       |       |       |     2 |     8 |    50 ||    60
  Block: Other             |     8 |    10 |    97 |   273 |   442 |   208 ||  1038
         Reflection        |       |       |     4 |    10 |    12 |       ||    26

Levels and vault maps discovered:
D:1:      wander_arrival_lonely_grave, layout_basic
D:2:      layout_loops_corners, ebering_ecumenical_altar_abandoned,
          serial_undead, serial_undead_c, serial_undead_f, serial_undead_f,
          serial_undead_a, serial_undead_a, serial_undead_e, serial_undead_b,
          serial_undead_b, serial_undead_b, serial_undead_e, minivault_24
D:3:      layout_basic, uniq_ijyb
D:4:      layout_rooms, chequers_temple_overflow_minitemple,
          nicolae_overflow_hidden_temple, sigmund_army, uniq_edmund,
          uniq_crazy_yiuf_cottage, uniq_sigmund
D:5:      layout_loops_ring, nicolae_gozag_seed_capital, lemuel_doored_altar,
          kennysheep_little_box
D:6:      layout_rooms
D:7:      layout_layer_cave, temple_hall, minivault_19,
          nicolae_shop_i_like_big_books, uniq_joseph
D:8:      layout_basic
D:9:      layout_cave_pools
D:10:     layout_basic, uniq_grum, uniq_lodul
D:11:     layout_basic, minmay_lair_entry_grove, minmay_orc_entry_temple_small
D:12:     layout_big_octagon, cheibriados_altar_1
D:13:     layout_stronghold, hangedman_vaults_entry_quadrant_bands
D:14:     layout_basic, lemuel_coloured_pillars_altar,
          minmay_guarded_unrand_staff_of_olgreb
D:15:     hangedman_depths_entry_civil_slaughter, layout_layer_cave,
          uniq_louise, uniq_agnes
Lair:1:   layout_chaotic_city, grunt_megastairs_5
Lair:2:   layout_cave_pods, guppyfry_snake_entry_island, gauntlet_entry_generic,
          grunt_megastairs_4
Lair:3:   cheibrodos_magma_flow, layout_regular_city, palyth_hydra_swamp_entry,
          infiniplex_staircase_pool_2, uniq_nergalle
Lair:4:   layout_roguey, slime_entry_1, special_room [special_room_mythical_zoo]
Lair:5:   minmay_lair_end_enchanted_forest, layout_long_grid,
          pdpol_lair_neglected_garden, amcnicky_altar_lugonu_corruption
Snake:1:  layout_basic, nicolae_snake_snakewalk, uniq_aizul
Snake:2:  layout_rooms, serial_bayou, serial_bayou_ford_a, serial_bayou_pond_e,
          serial_bayou_shore_a, serial_bayou_pond_c, minmay_snake_pond
Snake:3:  layout_layer_cave
Snake:4:  hellmonk_snake_rune_quicksilver_temple, layout_misc_corridors,
          serial_bayou_crossing
Orc:1:    dreamdust_dug_too_deep, layout_caves
Orc:2:    st_orc_mages, layout_caves, minmay_orc_keep
Vaults:1: dpeg_vaults_monster_row, ontoclasm_vaults_ligature, v_misc_8,
          nicolae_vaults_puzzle_piece, v_rooms_1, hangedman_vaults_capsules,
          v_rooms_2, vaults_room_semicircle, vaults_room_semicircle,
          nicolae_vaults_puzzle_piece, vaults_mumra_lcd, st_check,
          layout_vaults_omnibox, serial_shops, shop, nicolae_shop_crystal,
          uniq_saint_roka

Notes
Turn   | Place    | Note
-------+----------+-------------------------------------------
     0 | D:1      | demibob the Demonspawn Wanderer began the quest for the
                  | Orb.
     0 | D:1      | demibob set off with the following items: a +2
                  | quarterstaff, a +0 falchion, a +0 scale mail, a scroll of
                  | blinking.
     0 | D:1      | Reached XP level 1. HP: 16/16 MP: 2/2
   165 | D:1      | Reached skill level 4 in Staves
   167 | D:1      | Gained mutation: You are partially covered in sharp spines.
                  | [demonic ancestry]
   167 | D:1      | Reached XP level 2. HP: 18/22 MP: 3/3
   673 | D:1      | Identified a potion of resistance
   751 | D:2      | Gained mutation: You are partially covered in large bone
                  | plates. (SH +4) [demonic ancestry]
   751 | D:2      | Reached XP level 3. HP: 26/27 MP: 4/4
  1331 | D:2      | Reached skill level 5 in Staves
  1404 | D:2      | Found a faded altar of an unknown god.
  1410 | D:2      | Prayed at the altar of an unknown god.
  1410 | D:2      | Became a worshipper of Trog the Wrathful
  1410 | D:2      | Reached * piety under Trog
  1757 | D:3      | Noticed Ijyb
  1764 | D:3      | Killed Ijyb
  1765 | D:3      | Gained mutation: You sometimes gain a little power by
                  | taking damage. [demonic ancestry]
  1765 | D:3      | Reached XP level 4. HP: 33/33 MP: 5/5
  2434 | D:4      | Noticed a scorpion
  2444 | D:4      | Killed a scorpion
  2445 | D:4      | Reached skill level 6 in Staves
  2445 | D:4      | Reached XP level 5. HP: 30/38 MP: 6/6
  2503 | D:4      | Noticed Edmund
  2517 | D:4      | Killed Edmund
  2518 | D:4      | Reached XP level 6. HP: 34/44 MP: 7/7
  2536 | D:4      | Reached skill level 7 in Staves
  2794 | D:4      | Found a stormy altar of Qazlal.
  2794 | D:4      | Found a faded altar of an unknown god.
  2802 | D:4      | Found an ornate altar of the Wu Jian Council.
  2804 | D:4      | Found a broken altar of Ashenzari.
  2918 | D:4      | Found a burning altar of Makhleb.
  2923 | D:4      | Found a sparkling altar of Nemelex Xobeh.
  2949 | D:4      | Noticed Sigmund
  2954 | D:4      | Killed Sigmund
  2955 | D:4      | Reached XP level 7. HP: 51/51 MP: 8/8
  3045 | D:4      | Found a runed translucent door.
  3046 | D:4      | Noticed Crazy Yiuf
  3170 | D:4      | Reached ** piety under Trog
  3325 | D:5      | Entered Level 5 of the Dungeon
  3340 | D:5      | Reached skill level 3 in Fighting
  3340 | D:5      | Reached skill level 2 in Armour
  3347 | D:5      | HP: 2/78 [orc warrior/+0 scimitar (19)]
  3545 | D:5      | Found an opulent altar of Gozag.
  3660 | D:5      | Reached skill level 8 in Staves
  3673 | D:5      | Found an iron altar of Okawaru.
  3725 | D:5      | Reached skill level 1 in Dodging
  4027 | D:5      | Gained mutation: You sometimes gain power by taking damage.
                  | [demonic ancestry]
  4027 | D:5      | Reached XP level 8. HP: 60/60 MP: 9/9
  4139 | D:5      | Found a basalt altar of Yredelemnul.
  4348 | D:6      | Reached skill level 4 in Fighting
  4348 | D:6      | Reached skill level 2 in Dodging
  4574 | D:6      | Reached skill level 9 in Staves
  4586 | D:6      | Reached skill level 3 in Dodging
  4592 | D:6      | Reached skill level 5 in Fighting
  4597 | D:6      | Gained mutation: You have large cloven feet. [demonic
                  | ancestry]
  4597 | D:6      | Reached XP level 9. HP: 51/68 MP: 10/10
  5161 | D:7      | Reached skill level 4 in Dodging
  5243 | D:7      | Reached skill level 10 in Staves
  5405 | D:7      | Reached skill level 6 in Fighting
  5618 | D:7      | Found Gusogg's Tremendous Tomes.
  5918 | D:7      | Found a staircase to the Ecumenical Temple.
  6052 | D:7      | Reached *** piety under Trog
  6072 | D:7      | Noticed Joseph
  6102 | D:7      | Killed Joseph
  6690 | D:8      | Reached XP level 10. HP: 77/77 MP: 11/11
  6714 | D:8      | Reached skill level 11 in Staves
  6778 | D:8      | Reached skill level 3 in Armour
  7073 | D:8      | Reached skill level 7 in Fighting
  7267 | D:9      | Noticed a two-headed ogre
  7286 | D:9      | Killed a two-headed ogre
  7294 | D:9      | Reached skill level 4 in Armour
  7371 | D:9      | Noticed a two-headed ogre
  7388 | D:9      | Killed a two-headed ogre
  7607 | D:9      | Identified the +1 robe "Harou" {rPois rC++ Slay+2}
  7998 | D:10     | Entered Level 10 of the Dungeon
  8011 | D:10     | Reached skill level 12 in Staves
  8128 | D:10     | Reached **** piety under Trog
  8140 | D:10     | Reached skill level 8 in Fighting
  8151 | D:10     | Noticed Grum
  8158 | D:10     | Killed Grum
  8529 | D:10     | Reached skill level 5 in Armour
  8535 | D:10     | Reached XP level 11. HP: 74/86 MP: 12/12
  8849 | D:10     | Noticed Lodul
  8913 | D:10     | Killed Lodul
  9247 | D:11     | Noticed a boulder beetle
  9262 | D:11     | Reached skill level 13 in Staves
  9546 | D:11     | Reached skill level 6 in Armour
  9616 | D:11     | HP: 3/130 [boulder beetle (18)]
  9618 | D:11     | Killed a boulder beetle
  9619 | D:11     | Reached skill level 9 in Fighting
  9867 | D:11     | Noticed a two-headed ogre
  9871 | D:11     | Noticed a two-headed ogre
  9875 | D:11     | Killed a two-headed ogre
  9887 | D:11     | Killed a two-headed ogre
  9966 | D:11     | Found a staircase to the Lair.
 10227 | D:11     | Reached ***** piety under Trog
 10354 | D:11     | Found a staircase to the Orcish Mines.
 10834 | Lair:1   | Entered Level 1 of the Lair of Beasts
 10855 | Lair:1   | Gained mutation: You are mostly covered in large bone
                  | plates. (SH +6) [demonic ancestry]
 10855 | Lair:1   | Reached XP level 12. HP: 96/96 MP: 13/13
 11008 | Lair:1   | Reached skill level 7 in Armour
 11076 | Lair:1   | Reached skill level 14 in Staves
 11634 | Lair:1   | Reached skill level 10 in Fighting
 11920 | Lair:2   | Noticed a five-headed hydra
 11928 | Lair:2   | Killed a five-headed hydra
 11932 | Lair:2   | Noticed a boulder beetle
 12014 | Lair:2   | Found a gate leading to a gauntlet.
 12024 | Gauntlet | Entered a Gauntlet
 12024 | Gauntlet | Found a transporter.
 12024 | Gauntlet | Found a transporter.
 12036 | Gauntlet | Noticed a catoblepas
 12073 | Gauntlet | Found a transporter.
 12077 | Gauntlet | Found a transporter.
 12085 | Gauntlet | Found a transporter.
 12089 | Gauntlet | Found a transporter.
 12097 | Gauntlet | Found a transporter.
 12110 | Gauntlet | Noticed a death yak
 12111 | Gauntlet | Noticed a death yak
 12112 | Gauntlet | Noticed a death yak
 12114 | Gauntlet | Found a transporter.
 12129 | Gauntlet | Found a transporter.
 12133 | Gauntlet | Found a transporter.
 12141 | Gauntlet | Found a transporter.
 12145 | Gauntlet | Found a transporter.
 12257 | Gauntlet | Identified the +2 hat "Berexoq" {+Inv rElec Will+}
 12348 | Gauntlet | Noticed a minotaur
 12365 | Gauntlet | Killed a minotaur
 12366 | Gauntlet | Reached skill level 8 in Armour
 12491 | Lair:2   | Killed a boulder beetle
 12941 | Lair:2   | Reached skill level 11 in Fighting
 13040 | Lair:2   | Found a staircase to the Snake Pit.
 13703 | Lair:3   | Reached skill level 9 in Armour
 14432 | Lair:3   | Noticed Nergalle
 14442 | Lair:3   | Killed Nergalle
 14508 | Lair:3   | Noticed a seven-headed hydra
 14523 | Lair:3   | Killed a seven-headed hydra
 14583 | Lair:3   | Noticed a four-headed hydra
 14599 | Lair:3   | Killed a four-headed hydra
 14600 | Lair:3   | Reached skill level 12 in Fighting
 14827 | Lair:3   | Found a staircase to the Swamp.
 14989 | Lair:3   | Identified a potion of experience
 14991 | Lair:3   | Reached skill level 6 in Evocations
 14991 | Lair:3   | Gained mutation: You have hoof-like feet. [demonic
                  | ancestry]
 14991 | Lair:3   | Reached XP level 13. HP: 108/108 MP: 14/14
 15037 | Lair:4   | Gained mutation: You have hooves in place of feet. [demonic
                  | ancestry]
 15037 | Lair:4   | Reached XP level 14. HP: 107/115 MP: 15/15
 15218 | Lair:4   | Reached skill level 10 in Armour
 15278 | Lair:4   | Found a viscous altar of Jiyva.
 15278 | Lair:4   | Found a staircase to the Slime Pits.
 16205 | Lair:4   | Reached skill level 13 in Fighting
 16236 | Lair:4   | Reached skill level 11 in Armour
 16724 | Lair:5   | Entered Level 5 of the Lair of Beasts
 16900 | Lair:5   | Found a one-way gate to the infinite horrors of the Abyss.
 16902 | Lair:5   | Found a corrupted altar of Lugonu.
 17888 | D:12     | Reached skill level 14 in Fighting
 17895 | D:12     | HP: 11/120 [skeletal warrior/+0 flail (20)]
 17909 | D:12     | HP: 14/180 [skeletal warrior/+0 flail (6)]
 18260 | D:11     | Reached skill level 12 in Armour
 18398 | D:12     | Found a snail-covered altar of Cheibriados.
 18635 | D:13     | Identified the +3 quarterstaff "Xeng" {antimagic, rF- rN+
                  | Str+4} (Trog gifted it to you on level 13 of the Dungeon)
 18635 | D:13     | Received a gift from Trog
 19412 | Lair:5   | Gained mutation: You are mostly covered in sharp spines.
                  | [demonic ancestry]
 19412 | Lair:5   | Reached XP level 15. HP: 102/127 MP: 16/16
 19649 | Lair:5   | Paralysed by a hornet for 3 turns
 20092 | Lair:5   | Reached skill level 15 in Fighting
 20327 | Orc:1    | Entered Level 1 of the Orcish Mines
 20452 | Orc:1    | Found a runed translucent door.
 20594 | Orc:1    | Reached skill level 13 in Armour
 20828 | Orc:2    | Entered Level 2 of the Orcish Mines
 20985 | Orc:2    | Found a staircase to the Elven Halls.
 21037 | Orc:2    | Identified a +1 robe of the Archmagi
 21710 | Orc:2    | Found Pyuhitt's Jewellery Shoppe.
 21710 | Orc:2    | Found Sytuits's Armour Emporium.
 21711 | Orc:2    | Found Doyton's Jewellery Emporium.
 21715 | Orc:2    | Found Wumpiumn's Assorted Antiques.
 21808 | Orc:2    | Identified the +4 long sword of the People {holy, rElec}
 21909 | Orc:2    | Bought an amulet of faith for 560 gold pieces
 21922 | Orc:2    | Bought a shiny chain mail for 202 gold pieces
 22331 | D:13     | Found a gate to the Vaults.
 23132 | D:13     | Reached skill level 16 in Fighting
 23447 | D:14     | Reached skill level 14 in Armour
 23724 | D:14     | Identified the +9 quick blade of Trog's Hope {heavy, *Noise
                  | rElec Str+7 Stlth+} (Trog gifted it to you on level 14 of
                  | the Dungeon)
 23724 | D:14     | Received a gift from Trog
 23966 | D:14     | Identified the +7 long sword "Newtbane" {holy, rF+ rN+
                  | Str+5}
 23970 | D:14     | Found an ancient bone altar of Kikubaaqudgha.
 24106 | D:14     | Found a runed translucent gate.
 24106 | D:14     | Found a runed translucent gate.
 24108 | D:14     | Found a runed translucent gate.
 24109 | D:14     | Noticed an emperor scorpion
 24109 | D:14     | Noticed an emperor scorpion
 24109 | D:14     | Noticed an emperor scorpion
 24119 | D:14     | Found a runed translucent door.
 24131 | D:14     | Found the +9 staff of Olgreb {rPois∞}
 24162 | D:14     | Found a runed translucent door.
 24578 | D:15     | Entered Level 15 of the Dungeon
 24593 | D:15     | Noticed Louise
 24609 | D:15     | Killed Louise
 25071 | D:15     | Noticed Agnes
 25083 | D:15     | Killed Agnes
 25088 | D:15     | Reached XP level 16. HP: 107/140 MP: 17/17
 25432 | D:15     | Found a staircase to the Depths.
 25642 | D:15     | Reached skill level 17 in Fighting
 26062 | D:15     | Received a gift from Trog
 26102 | D:15     | Reached skill level 15 in Armour
 26551 | Snake:1  | Entered Level 1 of the Snake Pit
 26783 | Snake:1  | Noticed Aizul
 26798 | Snake:1  | Killed Aizul
 27761 | Snake:1  | Reached skill level 18 in Fighting
 27995 | Snake:1  | Reached skill level 16 in Armour
 28046 | Snake:1  | Received a gift from Trog
 28926 | Snake:2  | Gained mutation: Your presence sometimes corrodes those you
                  | injure. [demonic ancestry]
 28926 | Snake:2  | Reached XP level 17. HP: 141/151 MP: 18/18
 29160 | Snake:2  | Received a gift from Trog
 29273 | Snake:2  | Reached skill level 19 in Fighting
 30013 | Snake:3  | Reached skill level 17 in Armour
 30651 | Snake:4  | Entered Level 4 of the Snake Pit
 30813 | Snake:4  | Reached skill level 5 in Dodging
 31280 | Snake:4  | Received a gift from Trog
 31295 | Snake:4  | Reached ****** piety under Trog
 31451 | Snake:4  | Reached skill level 6 in Dodging
 31881 | Snake:4  | Noticed a quicksilver dragon
 31881 | Snake:4  | Noticed a quicksilver dragon
 31887 | Snake:4  | Killed a quicksilver dragon
 31891 | Snake:4  | Killed a quicksilver dragon
 31991 | Snake:4  | Got a serpentine rune of Zot
 32376 | Vaults:1 | Entered Level 1 of the Vaults
 32381 | Vaults:1 | Paralysed by a great orb of eyes for 5 turns
 32428 | Vaults:1 | Reached skill level 7 in Dodging
 32562 | Vaults:1 | Received a gift from Trog
 32563 | Vaults:1 | Reached skill level 20 in Fighting
 32624 | Vaults:1 | Reached XP level 18. HP: 162/162 MP: 19/19
 32699 | Vaults:1 | Noticed Saint Roka
 32719 | Vaults:1 | Killed Saint Roka
 32764 | Vaults:1 | Reached skill level 18 in Armour
 32767 | Vaults:1 | Demolished by an ironbound convoker

Vanquished Creatures
  Saint Roka (Vaults:1)
  2 quicksilver dragons (Snake:4)
  Agnes (D:15)
  6 nagarajas (Snake:4)
  Aizul (Snake:1)
  A vault warden (Vaults:1)
  Louise (D:15)
  3 ironbound preservers
  A minotaur (Gauntlet)
  A great orb of eyes (Vaults:1)
  An ice dragon (D:15)
  A rakshasa (D:15)
  8 hydras
  A salamander tyrant (Snake:4)
  A catoblepas (Lair:5)
  2 ogre magi
  12 anacondas
  2 boulder beetles (D:11)
  13 naga warriors
  11 two-headed ogres
  2 centaur warriors (D:15)
  5 tengu warriors
  2 orc high priests
  5 shock serpents
  11 naga sharpshooters
  Nergalle (Lair:3)
  A salamander mystic (Snake:2)
  9 deep trolls
  11 sea snakes
  A glowing orange brain (Vaults:1)
  9 skeletal warriors
  Lodul (D:10)
  An orc knight (D:13)
  10 naga ritualists
  5 ironbound convokers (Vaults:1)
  A necromancer (D:15)
  4 orc sorcerers
  4 deep elf pyromancers
  4 cyclopes
  8 salamanders
  16 mana vipers
  A salamander (shapeshifter) (D:15)
  5 manticores
  16 ugly things
  9 elephants (Lair:4)
  Joseph (D:7)
  58 black mambas
  2 molten gargoyles (Lair:3)
  11 guardian serpents
  16 naga magi
  A gargoyle (D:12)
  3 centaur skeletons (D:13)
  6 cane toads
  6 rime drakes
  8 komodo dragons
  A yaktaur (Vaults:1)
  4 tengu conjurers
  An efreet (Gauntlet)
  4 polar bears (Lair:5)
  5 trolls
  5 hornets
  29 blink frogs
  5 dream sheep (Lair:5)
  3 slime creatures (D:12)
  13 spriggans (Lair:5)
  4 shadows
  Sigmund (D:4)
  A centaur simulacrum (D:14)
  9 basilisks
  2 fire elementals (Gauntlet)
  A hog (shapeshifter) (D:15)
  A fire bat (Gauntlet)
  2 wraiths
  34 yaks
  2 steam dragons
  14 wyverns
  Grum (D:10)
  Edmund (D:4)
  3 swamp worms (Lair:3)
  37 nagas
  11 water moccasins
  2 wargs
  An acid dragon (D:11)
  4 hell hounds
  24 orc warriors
  4 sky beasts
  2 ice beasts
  4 black bears
  8 boggarts
  14 ogres
  20 wolves
  12 centaurs
  11 kobold brigands
  3 gnoll sergeants
  8 bullfrogs
  5 scorpions
  3 wights (D:8)
  10 killer bees
  2 electric eels (Snake:2)
  3 howler monkeys
  5 lava snakes (Lair:3)
  4 hounds
  A jelly (Gauntlet)
  28 orc priests
  A sleepcap (D:8)
  4 iguanas
  Ijyb (D:3)
  37 orc wizards
  A boggart skeleton (D:13)
  7 hell rats (Lair:4)
  12 gnolls
  3 adders
  2 ufetubi
  2 adder zombies (D:2)
  An adder skeleton (D:2)
  2 worms (D:2)
  A dart slug (D:1)
  67 orcs
  6 ball pythons
  5 bats
  2 bat skeletons (D:2)
  2 bat zombies (D:2)
  4 endoplasms
  7 goblins
  4 hobgoblins
  3 jackals (D:2)
  36 kobolds
  4 quokkas
  2 ball python skeletons (D:2)
  2 ball python zombies (D:2)
  A frilled lizard (D:3)
  A giant cockroach zombie (D:2)
  A jackal zombie (D:2)
  A quokka skeleton (D:2)
  A quokka zombie (D:2)
  4 rats
  2 lurking horrors (Lair:5)
925 creatures vanquished.

Vanquished Creatures (collateral kills)
  A boulder beetle (Lair:2)
  An orc sorcerer (Orc:2)
  4 orc warriors (Orc:2)
  2 orc priests (Orc:2)
  2 orc wizards (Orc:2)
10 creatures vanquished.

Vanquished Creatures (others)
  A naga ritualist (Snake:4)
  A tengu conjurer (D:14)
  A centaur (D:15)
  An orc priest (Orc:2)
  A kobold (D:10)
  34 fungi
  A lurking horror (Lair:5)
  71 plants
  34 withered plants
145 creatures vanquished.

Grand Total: 1080 creatures vanquished

Table legend: (Time is in decaauts)
 A = Elapsed time spent in this place.
 B = Non-inter-level travel time spent in this place.
 C = Inter-level travel time spent in this place.
 D = Time resting spent in this place.
 E = Time spent auto-exploring this place.
 F = Levels seen in this place.
 G = Mean time per level.
                   A        B        C        D        E       F      G
               +--------+--------+--------+--------+--------+-----+--------+
         Total |  32021 |  30307 |   1714 |   3512 |  21754 |  28 | 1143.6 |
       Dungeon |  16559 |  15743 |    816 |   2140 |  11239 |  15 | 1103.9 |
          Lair |   7844 |   7299 |    545 |    696 |   5457 |   5 | 1568.8 |
     Snake Pit |   5417 |   5181 |    236 |    258 |   3979 |   4 | 1354.2 |
  Orcish Mines |   1608 |   1494 |    114 |    302 |    837 |   2 |  804.0 |
        Vaults |    257 |    257 |      0 |     47 |     85 |   1 |  257.0 |
      Gauntlet |    333 |    333 |      0 |     67 |    155 |   1 |  333.0 |
               +--------+--------+--------+--------+--------+-----+--------+

Top non-repeatable levels by time:
  Lair:5: 1894 daAuts
 Snake:1: 1838 daAuts
  Lair:4: 1641 daAuts
  Lair:2: 1617 daAuts
    D:10: 1607 daAuts
    D:11: 1568 daAuts
    D:15: 1561 daAuts
    D:13: 1549 daAuts
     D:7: 1541 daAuts
    D:14: 1537 daAuts
 Snake:4: 1485 daAuts
  Lair:3: 1463 daAuts
  Lair:1: 1227 daAuts
 Snake:3: 1085 daAuts
 Snake:2: 1007 daAuts

Table legend:
 A = Non-vault XP
 B = Vault XP
 C = Vault XP percentage of total XP
 D = Non-vault monster count
 E = Vault monster count
 F = Vault count percentage of total count
                 A         B        C        D         E       F
            +---------+---------+-------+---------+---------+-------
      Total |  187129 |   84712 |  31.2 |     649 |     287 |  30.7
            +---------+---------+-------+---------+---------+-------
        D:1 |      22 |       0 |   0.0 |      12 |       0 |   0.0
        D:2 |      39 |      32 |  45.1 |      18 |      15 |  45.5
        D:3 |      29 |      35 |  54.7 |      11 |       1 |   8.3
        D:4 |     252 |     400 |  61.3 |      18 |       4 |  18.2
        D:5 |     681 |       0 |   0.0 |      15 |       0 |   0.0
        D:6 |    1671 |       0 |   0.0 |      20 |       0 |   0.0
        D:7 |    1269 |     486 |  27.7 |      23 |       1 |   4.2
        D:8 |    1991 |       0 |   0.0 |      33 |       0 |   0.0
        D:9 |    2211 |       0 |   0.0 |      12 |       0 |   0.0
       D:10 |    2669 |    2142 |  44.5 |      30 |      13 |  30.2
       D:11 |    6253 |    2471 |  28.3 |      37 |      19 |  33.9
       D:12 |    6527 |       0 |   0.0 |      18 |       0 |   0.0
       D:13 |    7023 |    7199 |  50.6 |      20 |      21 |  51.2
       D:14 |   11936 |       0 |   0.0 |      25 |       0 |   0.0
       D:15 |   14212 |    6278 |  30.6 |      28 |       8 |  22.2
     Lair:1 |    2272 |     389 |  14.6 |       9 |       1 |  10.0
     Lair:2 |    4634 |     813 |  14.9 |      12 |       5 |  29.4
     Lair:3 |     766 |    4892 |  86.5 |       3 |      15 |  83.3
     Lair:4 |    9941 |    5672 |  36.3 |      31 |      26 |  45.6
     Lair:5 |   12849 |    8124 |  38.7 |      38 |      44 |  53.7
    Snake:1 |   27093 |   12815 |  32.1 |      50 |      23 |  31.5
    Snake:2 |   23311 |    1984 |   7.8 |      45 |       3 |   6.2
    Snake:3 |   10231 |       0 |   0.0 |      22 |       0 |   0.0
    Snake:4 |   26065 |   15123 |  36.7 |      54 |      17 |  23.9
      Orc:1 |    2552 |       0 |   0.0 |      23 |       0 |   0.0
      Orc:2 |    2131 |    4851 |  69.5 |      29 |      45 |  60.8
   Vaults:1 |    8499 |    8614 |  50.3 |      13 |      17 |  56.7
   Gauntlet |       0 |    2392 | 100.0 |       0 |       9 | 100.0
            +---------+---------+-------+---------+---------+-------
